2248 views
Uploaded 2024-09-20 13:25:32
Game version 1.36 (6115)
37:52 long 1on1 ladder game on (2)Hammerfall
Saved by Sonnenschein
2248 views
Uploaded 2024-09-20 13:25:32
Game version 1.36 (6115)
37:52 long 1on1 ladder game on (2)Hammerfall

/ 0.9k
33 buildings @ 5.3k
/ 2.3k

| Wisp | 28 | 1680 | / | 0 |
| Huntress | 20 | 3900 | / | 400 |
| Glaive Thrower | 3 | 630 | / | 195 |
| Goblin Shredder | 2 | 750 | / | 200 |
| Goblin Zeppelin | 1 | 240 | / | 60 |
| total: | 54 | 7200g | / | 855w |
| Ancient Protector | 17 | 2295 | / | 1360 |
| Moon Well | 10 | 1800 | / | 400 |
| Ancient of War | 3 | 450 | / | 180 |
| Hunter's Hall | 1 | 210 | / | 100 |
| Altar of Elders | 1 | 180 | / | 50 |
| Tree of Life | 1 | 340 | / | 185 |
| total: | 33 | 5275g | / | 2275w |
| 0:01 | Wisp |
| 0:02 | Wisp |
| 0:26 | Wisp |
| 0:34 | Moon Well |
| 0:37 | Wisp |
| 0:45 | Wisp |
| 0:57 | Wisp |
| 1:08 | Ancient of War |
| 1:11 | Ancient of War |
| 1:12 | Hunter's Hall |
| 1:15 | Wisp |
| 1:25 | Wisp |
| 1:48 | Wisp |
| 1:52 | Altar of Elders |
| 1:58 | Moon Well |
| 2:03 | Wisp |
| 2:13 | Huntress |
| 2:24 | Ancient of War |
| 2:36 | Huntress |
| 3:07 | Moon Well |
| 3:10 | Summon Bear |
| 3:20 | Huntress |
| 3:43 | Glaive Thrower |
| 3:59 | Huntress |
| 4:25 | Summon Quilbeast |
| 4:42 | Moon Well |
| 4:43 | Ancient Protector |
| 4:53 | Ancient Protector |
| 4:57 | Ancient Protector |
| 5:12 | Ancient Protector |
| 5:23 | Ancient Protector |
| 5:29 | Huntress |
| 5:31 | Wisp |
| 5:41 | Ancient Protector |
| 6:01 | Huntress |
| 6:06 | Wisp |
| 6:25 | Huntress |
| 6:46 | Ancient Protector |
| 6:47 | Ancient Protector |
| 7:04 | Ancient Protector |
| 7:56 | Huntress |
| 8:04 | Summon Bear |
| 8:13 | Wisp |
| 8:13 | Wisp |
| 8:15 | Huntress |
| 8:30 | Moon Well |
| 8:47 | Wisp |
| 8:47 | Wisp |
| 9:04 | Moon Well |
| 9:22 | Wisp |
| 9:23 | Wisp |
| 9:50 | Glaive Thrower |
| 9:51 | Wisp |
| 10:16 | Moon Well |
| 10:48 | Moon Well |
| 11:06 | Goblin Shredder |
| 11:45 | Huntress |
| 12:11 | Huntress |
| 12:29 | Summon Quilbeast |
| 12:48 | Huntress |
| 13:48 | Ancient Protector |
| 14:03 | Huntress |
| 14:07 | Moon Well |
| 14:48 | Ancient Protector |
| 15:09 | Summon Bear |
| 15:35 | Ancient Protector |
| 16:42 | Huntress |
| 16:53 | Goblin Zeppelin |
| 16:55 | Goblin Shredder |
| 18:09 | Huntress |
| 18:46 | Ancient Protector |
| 18:47 | Ancient Protector |
| 18:57 | Huntress |
| 19:36 | Glaive Thrower |
| 19:38 | Wisp |
| 19:38 | Wisp |
| 19:38 | Wisp |
| 21:00 | Stampede |
| 21:18 | Tree of Life |
| 22:08 | Ancient Protector |
| 23:21 | Huntress |
| 23:49 | Huntress |
| 25:06 | Ancient Protector |
| 25:07 | Wisp |
| 25:44 | Huntress |
| 26:37 | Moon Well |
| 26:44 | Wisp |
| 26:44 | Wisp |
| 27:26 | Wisp |
| 28:16 | Wisp |
| 28:16 | Wisp |
| 28:22 | Huntress |
| 28:36 | Ancient Protector |
| Right click | 1864 |
| Select | 1239 |
| Chat | 168 |
| Build/train/purchase | 146 |
| Use ability | 66 |
| Misc. action | 51 |
| Esc | 6 |
| Item give/drop | 1 |
| Remove unit | 1 |
53 units @ 6.7k
/ 0.6k
18 buildings @ 2.8k
/ 0.9k


| Rod of Necromancy | 7 | 1050 |
| Sacrificial Skull | 2 | 100 |
| Potion of Healing | 5 | 750 |
| Potion of Mana | 8 | 1600 |
| Ritual Dagger | 3 | 375 |
| Orb of Corruption | 2 | 750 |
| Scroll of Healing | 2 | 500 |
| Dust of Appearance | 1 | 75 |
| Potion of Lesser Invulnerability | 1 | 150 |
| Boots of Speed | 1 | 250 |
| Wand of Negation | 1 | 0 |
| total: | 33 | 5600g |
| Acolyte | 16 | 1200 | / | 0 |
| Ghoul | 27 | 3240 | / | 0 |
| Meat Wagon | 2 | 460 | / | 100 |
| Obsidian Statue | 2 | 400 | / | 70 |
| Abomination | 5 | 1200 | / | 350 |
| Crypt Fiend | 1 | 215 | / | 40 |
| total: | 53 | 6715g | / | 560w |
| Nerubian Tower | 1 | 100 | / | 20 |
| Spirit Tower | 4 | 580 | / | 160 |
| Altar of Darkness | 1 | 180 | / | 50 |
| Crypt | 1 | 200 | / | 50 |
| Ziggurat | 8 | 1200 | / | 400 |
| Tomb of Relics | 4 | 520 | / | 120 |
| Graveyard | 1 | 215 | / | 0 |
| Necropolis | 1 | 225 | / | 0 |
| Slaughterhouse | 2 | 280 | / | 270 |
| Halls of the Dead | 1 | 320 | / | 210 |
| Black Citadel | 1 | 325 | / | 230 |
| total: | 18 | 2820g | / | 890w |
| 0:02 | Acolyte |
| 0:09 | Altar of Darkness |
| 0:13 | Crypt |
| 0:24 | Ziggurat |
| 0:33 | Acolyte |
| 1:04 | Tomb of Relics |
| 1:16 | Ghoul |
| 1:16 | Ghoul |
| 1:30 | Ziggurat |
| 1:38 | Acolyte |
| 1:50 | Ghoul |
| 2:10 | Rod of Necromancy |
| 2:12 | Death Coil |
| 2:22 | Nerubian Tower |
| 2:29 | Ghoul |
| 3:14 | Ghoul |
| 3:15 | Halls of the Dead |
| 3:42 | Unholy Aura |
| 4:01 | Graveyard |
| 4:04 | Ghoul |
| 4:11 | Rod of Necromancy |
| 4:11 | Sacrificial Skull |
| 4:20 | Ziggurat |
| 4:55 | Ghoul |
| 4:55 | Ghoul |
| 5:08 | Sacrificial Skull |
| 5:10 | Death Coil |
| 5:23 | Ghoul |
| 6:18 | Slaughterhouse |
| 6:30 | Acolyte |
| 7:02 | Frost Nova |
| 7:14 | Ghoul |
| 7:14 | Ghoul |
| 7:27 | Ghoul |
| 7:28 | Spirit Tower |
| 7:43 | Potion of Healing |
| 7:44 | Potion of Mana |
| 8:01 | Potion of Mana |
| 8:34 | Meat Wagon |
| 8:37 | Acolyte |
| 8:43 | Ghoul |
| 8:49 | Rod of Necromancy |
| 9:23 | Meat Wagon |
| 9:27 | Ritual Dagger |
| 9:45 | Potion of Healing |
| 10:10 | Rod of Necromancy |
| 10:23 | Dark Ritual |
| 10:30 | Obsidian Statue |
| 10:52 | Unholy Aura |
| 10:55 | Ghoul |
| 11:16 | Tomb of Relics |
| 11:25 | Ghoul |
| 11:25 | Ghoul |
| 11:56 | Black Citadel |
| 13:03 | Slaughterhouse |
| 13:09 | Ziggurat |
| 13:12 | Ziggurat |
| 13:58 | Ziggurat |
| 14:03 | Potion of Healing |
| 14:04 | Potion of Mana |
| 14:20 | Orb of Corruption |
| 14:39 | Potion of Mana |
| 15:03 | Acolyte |
| 15:03 | Acolyte |
| 15:04 | Acolyte |
| 15:15 | Spirit Tower |
| 15:37 | Ziggurat |
| 15:50 | Frost Nova |
| 16:03 | Spirit Tower |
| 16:07 | Abomination |
| 16:25 | Tomb of Relics |
| 16:35 | Spirit Tower |
| 16:36 | Ziggurat |
| 17:06 | Potion of Lesser Invulnerability |
| 17:09 | Scroll of Healing |
| 17:09 | Scroll of Healing |
| 17:37 | Ghoul |
| 17:37 | Ghoul |
| 17:38 | Ghoul |
| 18:02 | Ghoul |
| 18:14 | Acolyte |
| 18:14 | Acolyte |
| 18:14 | Acolyte |
| 18:15 | Acolyte |
| 18:28 | Boots of Speed |
| 18:39 | Ghoul |
| 19:00 | Ghoul |
| 19:00 | Ghoul |
| 19:30 | Tomb of Relics |
| 19:40 | Necropolis |
| 19:50 | Ghoul |
| 19:50 | Ghoul |
| 20:25 | Ghoul |
| 20:26 | Abomination |
| 20:39 | Potion of Healing |
| 20:41 | Orb of Corruption |
| 20:44 | Dust of Appearance |
| 20:56 | Death Coil |
| 21:07 | Ghoul |
| 21:09 | Abomination |
| 21:15 | Potion of Mana |
| 21:30 | Abomination |
| 22:05 | Abomination |
| 22:27 | Rod of Necromancy |
| 22:27 | Ritual Dagger |
| 22:58 | Dark Ritual |
| 24:14 | Potion of Mana |
| 25:26 | Rod of Necromancy |
| 25:31 | Ritual Dagger |
| 26:54 | Rod of Necromancy |
| 26:55 | Potion of Healing |
| 26:55 | Potion of Mana |
| 27:09 | Crypt Fiend |
| 27:22 | Wand of Negation |
| 27:37 | Potion of Mana |
| 28:17 | Obsidian Statue |
| 28:28 | Acolyte |
| 29:19 | Acolyte |
| 30:02 | Acolyte |
| 30:54 | Unholy Aura |
| 31:00 | Dark Ritual |
| 35:16 | Acolyte |
| Right click | 4474 |
| Select | 1251 |
| Build/train/purchase | 172 |
| Chat | 172 |
| Use ability | 138 |
| Select group | 73 |
| Assign group | 35 |
| Misc. action | 21 |
| Item give/drop | 10 |
| Remove unit | 2 |
| Esc | 1 |